 Dungeon Crawl Stone Soup version 0.31-a0-277-g31ea1f65cc (webtiles) character file.

Game seed: 7020749967776254137

0 Iniera the Digger (level 1, 0/13 HPs)
             Began as a Human Earth Elementalist on July 16, 2023.
             Slain by a goblin
             ... wielding a +0 dagger
              (4 damage)
             ... on level 1 of the Dungeon.
             The game lasted 00:00:14 (61 turns).

Iniera the Digger (Human Earth Elementalist)          Turns: 61, Time: 00:00:15

Health: 0/13       AC:  2    Str:  8    XL:     1   Next: 11%
Magic:  2/3        EV: 12    Int: 15    God:
Gold:   15         SH:  0    Dex: 13    Spells: 3/4 levels left

rFire   . . .        c - +0 dagger
rCold   . . .        (no shield)
rNeg    . . .        a - +0 robe
rPois   .            (no helmet)
rElec   .            (no cloak)
rCorr   .            (no gloves)
SInv    .            (no boots)
Will    .....        (no amulet)
Stlth   ++           (no ring)
HPRegen 0.22/turn    (no ring)
MPRegen 0.08/turn

%: no passive effects
@: no status effects
A: no striking features
a: no special abilities


You were on level 1 of the Dungeon.
You visited 1 branch of the dungeon, and saw 1 of its levels.

You collected 15 gold pieces.

Inventory:

Hand Weapons
 c - a +0 dagger (weapon)
Armour
 a - a +0 robe (worn)
Jewellery
 d - an amulet of regeneration
Potions
 b - a potion of magic


   Skills:
 + Level 2.0 Dodging
 + Level 2.0 Stealth
 + Level 2.0 Spellcasting
 + Level 1.0 Transmutations
 + Level 3.0 Earth Magic


You had 3 spell levels left.
You knew the following spells:

 Your Spells              Type           Power      Damage    Failure   Level
a - Sandblast             Erth           20%        2d7       6%          1

Your spell library contained the following spells:

 Spells                   Type           Power      Damage    Failure   Level
 Passwall                 Tmut/Erth      5%         N/A       14%         2
 Stone Arrow              Conj/Erth      12%        3d7       34%         3
 Petrify                  Tmut/Erth      7%         N/A       67%         4


Dungeon Overview and Level Annotations

Branches:
Dungeon (1/15)

Altars:


Message History

There are monsters nearby!
Found a leather armour.
A kobold comes into view. It is wielding a +0 club.
Found 3 stones.
The ball python hisses angrily.
The kobold shouts!
You hear a shout!
A goblin comes into view. It is wielding a +0 dagger.
A goblin comes into view. It is wielding a +0 club.
The goblin shouts!
The ball python closely misses you. The ball python grabs you.
The ball python constricts you.
You hit the ball python but do no damage.
A frilled lizard comes into view.
The ball python bites you but does no damage.
The ball python constricts you.
The blast of sand hits the ball python!
You kill the ball python!
The frilled lizard hisses angrily.
The kobold hits you with a +0 club. The goblin hits you with a +0 dagger.
The kobold hits you but does no damage.
The blast of sand misses the kobold.
The kobold closely misses you. The goblin barely misses you.
You barely miss the kobold. The kobold hits you but does no damage.
The goblin barely misses you.
You barely miss the kobold. The kobold misses you.
You closely miss the kobold. The goblin hits you with a +0 dagger.
The kobold hits you but does no damage. The goblin hits you but does no damage.
The kobold attacks as you move away! The kobold hits you but does no damage.
The goblin attacks as you move away! The goblin barely misses you.
The goblin hits you but does no damage.
You closely miss the goblin. The goblin hits you but does no damage.
You hit the goblin.
The goblin is heavily wounded.
The goblin hits you with a +0 dagger.
You miss the goblin.
The goblin is heavily wounded.
The goblin hits you with a +0 dagger.
You hit the goblin but do no damage.
The goblin is heavily wounded.
The goblin hits you with a +0 dagger.
You die...

.###.#.## ........
......# r >...... #
#. #... .####.#
###.###.. ......#
.......†###.......
###....Kgg@.(..#
.[......######.#
#######..## #$..#
########.# #####
##.#......###...###
#(..#....##.......##
#..###.###.........#
#..##...##....8....#


You could see 2 goblins and a kobold.

Vanquished Creatures
  A ball python (D:1)
1 creature vanquished.

Notes
Turn   | Place    | Note
-------+----------+-------------------------------------------
     0 | D:1      | Iniera the Human Earth Elementalist began the quest for the
                  | Orb.
     0 | D:1      | Reached XP level 1. HP: 13/13 MP: 3/3
    61 | D:1      | Slain by a goblin

Illustrated notes

Levels and vault maps discovered:
D:1:      dpeg_arrival_three_same_balls, layout_loops_ring, patterned_corridor

Action                     || total
---------------------------++-------
  Melee: Dagger            ||     8
   Cast: Sandblast         ||     2
 Armour: Robe              ||     8
  Dodge: Dodged            ||     6

Table legend: (Time is in decaauts)
 A = Elapsed time spent in this place.
 B = Non-inter-level travel time spent in this place.
 C = Inter-level travel time spent in this place.
 D = Time resting spent in this place.
 E = Time spent auto-exploring this place.
 F = Levels seen in this place.
 G = Mean time per level.
                   A        B        C        D        E       F      G
               +--------+--------+--------+--------+--------+-----+--------+
         Total |     61 |     61 |      0 |      0 |     39 |   1 |   61.0 |
       Dungeon |     61 |     61 |      0 |      0 |     39 |   1 |   61.0 |
               +--------+--------+--------+--------+--------+-----+--------+

Top non-repeatable levels by time:
     D:1: 61 daAuts
